 Dungeon Crawl Stone Soup version 0.32-a0-290-g598725c5f2 (webtiles) character file.

Game seed: 1494032292032694846

1192 Bravepunisher the Demolition Spriggan (level 8, -1/40 HPs)
             Began as a Spriggan Monk on Feb 13, 2024.
             Was an Elder of Makhleb.
             Slain by Pikel
             ... wielding a +2 whip of electrocution
              (13 damage)
             ... on level 5 of the Dungeon.
             The game lasted 00:11:47 (3701 turns).

Bravepunisher the Demolition Spriggan (SpMo)        Turns: 3701, Time: 00:11:48

Health: -1/40      AC:  2    Str:  7    XL:     8   Next: 20%
Magic:  15/15      EV: 21    Int: 11    God:    Makhleb [****..]
Gold:   165        SH:  0    Dex: 20    Spells: 7/7 levels left

rFire   . . .        a - +0 short sword
rCold   . . .        (no shield)
rNeg    . . .        b - +0 robe
rPois   +            (helmet restricted)
rElec   .            (no cloak)
rCorr   .            (gloves unavailable)
SInv    +            (boots unavailable)
Will    +....        (no amulet)
Stlth   ++           u - ring of poison resistance
HPRegen 0.26/turn    (no ring)
MPRegen 0.14/turn

%: no passive effects
@: very quick
A: very small, no large weapons, unfitting armour, see invisible, speed 3
a: Renounce Religion, Minor Destruction, Lesser Servant of Makhleb, Major
Destruction


You were on level 5 of the Dungeon.
You worshipped Makhleb.
Makhleb was greatly pleased with you.
You visited 2 branches of the dungeon, and saw 7 of its levels.

You collected 165 gold pieces.

Inventory:

Hand Weapons
 a - a +0 short sword (weapon)
Armour
 b - a +0 robe (worn)
Jewellery
 u - a ring of poison resistance (left hand)
Wands
 e - a wand of flame (5)
Scrolls
 d - a scroll of amnesia {unknown}
 f - a scroll of fog {unknown}
 g - 2 scrolls of identify {unknown}
 h - 2 scrolls of enchant armour {unknown}
 i - a scroll of enchant weapon {unknown}
 j - a scroll of fear {unknown}
 l - 2 scrolls of teleportation {unknown}
 m - 2 scrolls of blinking {unknown}
 o - a scroll of vulnerability {unknown}
 q - a scroll of acquirement {unknown}
 s - a scroll of silence {unknown}
Potions
 c - a potion of ambrosia
 k - a potion of cancellation {unknown}
 n - a potion of curing
 p - a potion of degeneration {unknown}
 r - a potion of berserk rage {unknown}
 t - a potion of heal wounds {unknown}


   Skills:
 - Level 3.2 Fighting
 - Level 3.2 Short Blades
 - Level 6.2 Dodging
 * Level 8.6 Invocations


You had 7 spell levels left.
You didn't know any spells.
Your spell library contained the following spells:

 Spells                   Type           Power      Damage    Failure   Level
 Ensorcelled Hibernation  Hex/Ice        0%         N/A       47%         2
 Passwall                 Erth           0%         N/A       71%         3
 Stone Arrow              Conj/Erth      0%         3d7       71%         3
 Swiftness                Air            0%         N/A       71%         3
 Animate Armour           Summ/Erth      0%         N/A       98%         4
 Lehudib's Crystal Spear  Conj/Erth      0%         10d2      100%        8


Dungeon Overview and Level Annotations

Branches:
Dungeon (6/15)             Temple (1/1) D:5

Altars:
Elyvilon
Gozag
Hepliaklqana
Makhleb
Sif Muna
Uskayaw
Vehumet
Wu Jian
Xom
Yredelemnul
The Shining One

Annotations:
D:5 Pikel


Innate Abilities, Weirdness & Mutations

You are very small and have problems with some larger weapons.
You are too small for most types of armour.
You have supernaturally acute eyesight. (SInv)
You cover ground extremely quickly. (Speed+++)


Message History

Aiming: Minor Destruction (0% risk of failure)
Press: ? - help, Shift-Dir - straight line, f/p - Pikel
Aim: Pikel, wielding a +2 whip of electrocution and wearing a +0 robe (lightly wounded, ally target) Pikel writhes in agony.
Your ufetubus misses Pikel.
Your ufetubus barely misses Pikel.
Pikel barely misses you.
Unknown command.
Aiming: Minor Destruction (0% risk of failure)
Press: ? - help, Shift-Dir - straight line, f/p - Pikel
Aim: Pikel, wielding a +2 whip of electrocution and wearing a +0 robe (moderately wounded, ally target)
The puff of flame hits Pikel.
Pikel is heavily wounded.
Your ufetubus hits Pikel. Your ufetubus misses Pikel.
A lemure comes into view.
Pikel says, "You'll feel the lick of my whip!"
Pikel completely misses you.
Aiming: Minor Destruction (0% risk of failure)
Press: ? - help, Shift-Dir - straight line, f/p - Pikel
Aim: Pikel, wielding a +2 whip of electrocution and wearing a +0 robe (heavily wounded, ally target)
The puff of flame misses Pikel.
Your ufetubus hits Pikel.
Your ufetubus closely misses Pikel.
Your ufetubus barely misses Pikel. x2
Your ynoxinul gestures at Pikel.
The iron shot misses Pikel.
Your ufetubus barely misses Pikel.
Your ufetubus hits Pikel. Your ufetubus misses Pikel.
Your ufetubus closely misses Pikel.
Pikel hits you with a +2 whip of electrocution!
Aiming: Minor Destruction (0% risk of failure)
Press: ? - help, Shift-Dir - straight line, f/p - Pikel
Aim: Pikel, wielding a +2 whip of electrocution and wearing a +0 robe (heavily wounded, ally target)
The zap hits Pikel.
Pikel is severely wounded.
The zap hits Pikel.
Pikel is severely wounded.
The zap hits your ynoxinul.
Your ynoxinul resists.
Your ynoxinul is lightly wounded.
Your ynoxinul disappears in a puff of smoke!
Your ufetubus disappears in a puff of smoke! x3
Pikel hits you with a +2 whip of electrocution!
You die...
Pikel says, "See you in Hell!"

............K..........#
..#)..#..#####.#.......#
#.# ##.### ..>......###
# #.).## #.........
###†.# #.......# ##.#
#.......####
##§####..........#
#K§...>........###
#@§.<5...####.....
#§.......# ....
#........# ###
#........# #........#
#........# #........#
##########


You could see Pikel and a lemure.

Vanquished Creatures
  Sigmund (D:4)
  Edmund (D:4)
  A sky beast (D:4)
  2 ogres
  A phantom (D:4)
  Blork the orc (D:4)
  5 hounds
  An iguana (D:4)
  2 sleepcaps (D:4)
  Robin (D:4)
  6 adders
  6 gnolls
  A dart slug (D:2)
  2 ribbon worms
  6 orcs (D:4)
  10 ball pythons
  10 endoplasms
  A giant cockroach (D:4)
  22 goblins
  5 hobgoblins
  5 kobolds
  5 quokkas
  4 bats
  2 frilled lizards (D:1)
  5 rats (D:1)
106 creatures vanquished.

Notes
Turn   | Place    | Note
-------+----------+-------------------------------------------
     0 | D:1      | Bravepunisher the Spriggan Monk began the quest for the
                  | Orb.
     0 | D:1      | Reached XP level 1. HP: 11/11 MP: 2/2
    81 | D:1      | Reached XP level 2. HP: 16/16 MP: 3/3
   179 | D:2      | Reached skill level 5 in Dodging
   239 | D:3      | Reached XP level 3. HP: 17/19 MP: 4/4
   355 | D:5      | Entered Level 5 of the Dungeon
   389 | D:5      | Reached XP level 4. HP: 24/24 MP: 5/5
   397 | D:5      | Noticed a lemure
   412 | D:5      | Found a staircase to the Ecumenical Temple.
   421 | Temple   | Entered the Ecumenical Temple
   454 | Temple   | Became a worshipper of Makhleb the Destroyer
   454 | Temple   | Reached * piety under Makhleb
   454 | Temple   | Reached ** piety under Makhleb
   748 | D:1      | Reached skill level 1 in Invocations
   892 | D:1      | Reached XP level 5. HP: 26/28 MP: 7/7
  1240 | D:1      | Reached skill level 2 in Invocations
  1646 | D:2      | Reached *** piety under Makhleb
  1785 | D:2      | Reached skill level 3 in Invocations
  2027 | D:3      | Reached XP level 6. HP: 25/32 MP: 9/9
  2440 | D:3      | Reached skill level 4 in Invocations
  2506 | D:4      | Noticed Robin
  2513 | D:4      | Killed Robin
  2697 | D:4      | Reached skill level 5 in Invocations
  2742 | D:4      | Noticed Edmund
  2760 | D:4      | Killed Edmund
  2761 | D:4      | Reached XP level 7. HP: 17/36 MP: 10/12
  2897 | D:4      | Noticed Sigmund
  2902 | D:4      | Killed Sigmund
  2903 | D:4      | Reached skill level 6 in Invocations
  3004 | D:4      | Reached **** piety under Makhleb
  3005 | D:4      | Reached skill level 7 in Invocations
  3089 | D:4      | Noticed Blork the orc
  3094 | D:4      | Killed Blork the orc
  3362 | D:4      | Reached skill level 8 in Invocations
  3362 | D:4      | Reached XP level 8. HP: 38/40 MP: 13/15
  3678 | D:5      | Noticed Pikel
  3701 | D:5      | Slain by Pikel

Illustrated notes

Levels and vault maps discovered:
D:1:      beargit_arrival_greenhouse, layout_loops_ring, st_stairs_7
D:2:      layout_loops_ring, chequers_serial_rivers_large_a, minmay_cupped
D:3:      layout_loops_cross
D:4:      layout_loops_corners, minmay_ruptured, uniq_blork_the_orc,
          uniq_sigmund, uniq_robin, uniq_edmund
D:5:      layout_rooms, minmay_temple_entry_drinking_statues,
          gup_sewer_entry_spiral, eino_small_chamber_without_monster,
          bh_walls_and_bars, uniq_pikel
D:6:      layout_loops_ring, tgw_kikubaaqudgha, grunt_ministairs_6,
          grunt_decor_resistance, lightli_orcish_oven, uniq_maggie
Temple:   minmay_temple_curvy_loop

Skill      XL: |  1  2  3  4  5  6  7 |
---------------+----------------------+-----
Dodging        | 5 6 |  6.2
Fighting       | 3 |  3.2
Invocations    | 1 3 5 8 |  8.6
Short Blades   | |  3.2

Action                     |  1- 3 |  4- 6 |  7- 9 || total
---------------------------+-------+-------+-------++-------
  Melee: Short sword       |    57 |     8 |     3 ||    68
 Invoke: Minor Destruction |       |   146 |    78 ||   224
         Lesser Servant of |       |       |     1 ||     1
  Evoke: Wand              |     4 |     6 |     2 ||    12
    Use: Potion            |     1 |       |       ||     1
   Stab: Sleeping          |       |     2 |       ||     2
 Armour: Robe              |    12 |    24 |     4 ||    40
  Dodge: Dodged            |    47 |    52 |    24 ||   123

Table legend: (Time is in decaauts)
 A = Elapsed time spent in this place.
 B = Non-inter-level travel time spent in this place.
 C = Inter-level travel time spent in this place.
 D = Time resting spent in this place.
 E = Time spent auto-exploring this place.
 F = Levels seen in this place.
 G = Mean time per level.
                   A        B        C        D        E       F      G
               +--------+--------+--------+--------+--------+-----+--------+
         Total |   2621 |   2509 |    112 |      3 |   1865 |   7 |  374.4 |
       Dungeon |   2580 |   2506 |     74 |      3 |   1865 |   6 |  430.0 |
        Temple |     41 |      3 |     38 |      0 |      0 |   1 |   41.0 |
               +--------+--------+--------+--------+--------+-----+--------+

Top non-repeatable levels by time:
     D:4: 858 daAuts
     D:2: 594 daAuts
     D:1: 572 daAuts
     D:3: 440 daAuts
     D:5: 113 daAuts
  Temple: 41 daAuts
     D:6: 1 daAuts
